 Dungeon Crawl Stone Soup version 0.24-a0-537-g2d01d4ab0a (webtiles) character file.

Game seed: 14581930637951149079

146 GordonOverkill the Stinger (level 5, -8/35 HPs)
             Began as a Human Venom Mage on Aug 16, 2019.
             Was an Initiate of Nemelex Xobeh.
             Killed by a card of wild magic (30 damage)
             ... on level 3 of the Dungeon.
             The game lasted 00:07:36 (3343 turns).

GordonOverkill the Stinger (Human Venom Mage)       Turns: 3343, Time: 00:07:37

Health: -8/35      AC:  2    Str:  8    XL:     5   Next: 53%
Magic:  9/9        EV: 12    Int: 17    God:    Nemelex Xobeh [......]
Gold:   121        SH:  0    Dex: 13    Spells: 2/10 levels left

rFire    . . .     SeeInvis .   a - +0 hunting sling
rCold    . . .     Gourm    .   (no shield)
rNeg     . . .     Faith    .   k - +0 robe
rPois    .         Spirit   .   (no helmet)
rElec    .         Reflect  .   (no cloak)
rCorr    .         Harm     .   (no gloves)
MR       .....                  (no boots)
Stlth    ++........             (no amulet)
HPRegen  0.11/turn              (no ring)
MPRegen  0.11/turn              (no ring)

@: no status effects
A: no striking features
a: Draw Escape, Draw Destruction, Draw Summoning, Renounce Religion


You were on level 3 of the Dungeon.
You worshipped Nemelex Xobeh.
Nemelex Xobeh was noncommittal.
You were not hungry.

You visited 1 branch of the dungeon, and saw 3 of its levels.

You collected 121 gold pieces.

Inventory:

Hand Weapons
 a - a +0 hunting sling (weapon)
 b - a +0 whip
Missiles
 e - 29 stones (quivered)
Armour
 k - a +0 robe (worn)
Potions
 d - a potion of lignification {unknown}
 g - a potion of agility {unknown}
 h - 2 potions of haste {unknown}
 i - a potion of curing {unknown}
Comestibles
 c - 2 rations
 f - 2 chunks of flesh


   Skills:
 - Level 2.0 Dodging
 - Level 2.0 Stealth
 + Level 3.1 Spellcasting
 + Level 2.7 Conjurations
 + Level 0.5 Air Magic
 + Level 4.0 Poison Magic
 + Level 1.1 Invocations


You had 2 spell levels left.
You knew the following spells:

 Your Spells              Type           Power        Failure   Level  Hunger
a - Sting                 Conj/Pois      ##..         4%          1    None
b - Mephitic Cloud        Conj/Pois/Air  ##......     19%         3    ###....
c - Olgreb's Toxic Radia  Pois           ###.....     32%         4    ####...

Your spell library contained the following spells:

 Spells                   Type           Power        Failure   Level  Hunger
 Poisonous Vapours        Pois/Air       ##....       11%         2    ##.....
 Venom Bolt               Conj/Pois      ##........   77%         5    ######.


Dungeon Overview and Level Annotations

Branches:
Dungeon (3/15)

Altars:
Dithmenos
Nemelex Xobeh


Message History

You draw a card...
You have drawn Degeneration.
The jelly evaporates and reforms as a dart slug!
The dart slug twists and deforms.
The ooze evaporates and reforms as an orc!
The orc twists and deforms.
The killer bee evaporates and reforms as a jelly!
The jelly twists and deforms.
The killer bee evaporates and reforms as a river rat!
The river rat twists and deforms.
The killer bee evaporates and reforms as an iguana!
The iguana twists and deforms.
The iguana hisses angrily.
You draw a card...
You have drawn Wild Magic.
The dart slug is caught in a fiery explosion!
The explosion engulfs the dart slug!!
You kill the dart slug!
The explosion engulfs you!!
Ouch! That really hurt!
You die...
Your body disappears without a glow.

# #y .y .#
#####rl####
#.@(oJ...(.
#.#########
#.#######
#.......#
#######.#
#.# #.# #.#
#.#


You could see an iguana, a jelly, a river rat and an orc.

Vanquished Creatures
  4 adders (D:2)
  3 oozes
  4 dart slugs
  2 leopard geckos
  4 bats
  3 giant cockroaches
  7 hobgoblins
  8 jackals
  A quokka (D:2)
  A ball python (D:2)
  10 frilled lizards
  4 goblins
  6 kobolds
  8 rats
65 creatures vanquished.

Vanquished Creatures (others)
  A worker ant (D:3)
1 creature vanquished.

Grand Total: 66 creatures vanquished

Notes
Turn   | Place    | Note
-------+----------+-------------------------------------------
     0 | D:1      | GordonOverkill the Human Venom Mage began the quest for the
                  | Orb.
     0 | D:1      | Reached XP level 1. HP: 13/13 MP: 3/3
   294 | D:1      | Reached XP level 2. HP: 19/19 MP: 3/5
   588 | D:1      | Reached XP level 3. HP: 24/24 MP: 1/6
  1431 | D:1      | Reached XP level 4. HP: 13/30 MP: 0/7
  1718 | D:2      | Found a sparkling altar of Nemelex Xobeh.
  2423 | D:2      | Became a worshipper of Nemelex Xobeh the Trickster
  2565 | D:2      | Reached XP level 5. HP: 29/35 MP: 0/9
  2645 | D:2      | Learned a level 3 spell: Mephitic Cloud
  2650 | D:2      | Learned a level 4 spell: Olgreb's Toxic Radiance
  2704 | D:2      | Received a gift from Nemelex Xobeh
  2812 | D:2      | Found a shadowy altar of Dithmenos.
  3341 | D:3      | Reached skill level 4 in Poison Magic
  3341 | D:3      | Reached skill level 1 in Invocations
  3343 | D:3      | Killed by a card of wild magic

Levels and vault maps discovered:
D:1:      giann_forest_graveyard, layout_basic
D:2:      layout_basic, grunt_dithmenos_smoke, lemuel_crystal_altar,
          hangedman_decor_growths, minivault_27
D:3:      layout_basic, kiku_gazebo_garden_becter, led_sif_book,
          grunt_temple_overflow_open

Skill      XL: |  1  2  3  4  5 |
---------------+----------------+-----
Conjurations   | 2 |  2.7
Spellcasting   | 3 |  3.1
Poison Magic   | 4 |  4.0
Invocations    | 1 |  1.1
Dodging        | |  2.0
Stealth        | |  2.0
Air Magic      | |  0.5

Action                   |  1- 3 |  4- 6 || total
-------------------------+-------+-------++-------
Melee: Unarmed           |    13 |       ||    13
       Whip              |    36 |    16 ||    52
 Fire: Hunting sling     |       |     5 ||     5
 Cast: Sting             |    68 |    77 ||   145
 Abil: Draw Destruction  |       |     6 ||     6
  Use: Scroll            |       |     2 ||     2
  Eat: Chunk             |     2 |     3 ||     5
       Ration            |       |     1 ||     1
Armor: Robe              |    16 |     9 ||    25
Dodge: Dodged            |    51 |    40 ||    91

Table legend:
 A = Non-vault XP
 B = Vault XP
 C = Vault XP percentage of total XP
 D = Non-vault monster count
 E = Vault monster count
 F = Vault count percentage of total count
                 A         B        C        D         E       F
            +---------+---------+-------+---------+---------+-------
      Total |     209 |       0 |   0.0 |      66 |       0 |   0.0
            +---------+---------+-------+---------+---------+-------
        D:1 |      71 |       0 |   0.0 |      33 |       0 |   0.0
        D:2 |      94 |       0 |   0.0 |      28 |       0 |   0.0
        D:3 |      44 |       0 |   0.0 |       5 |       0 |   0.0
            +---------+---------+-------+---------+---------+-------
